 Dungeon Crawl Stone Soup version 0.30-a0-718-geaa24f58ff (webtiles) character file.

Game seed: 7337714451602604379

105 BigDaddyOpFi the Sneak (level 4, 0/31 HPs)
             Began as an Octopode Fighter on Jan 25, 2023.
             Slain by Pargi (4 damage)
             ... in a sewer.
             The game lasted 00:04:41 (3217 turns).

BigDaddyOpFi the Sneak (Octopode Fighter)           Turns: 3217, Time: 00:04:41

Health: 0/31       AC:  1    Str: 15    XL:     4   Next: 83%
Magic:  4/4        EV: 13    Int: 10    God:
Gold:   76         SH:  5    Dex: 13    Spells: 3/3 levels left

rFire   . . .      SeeInvis .    a - +2 long sword
rCold   . . .      Faith    .    b - +1 buckler
rNeg    . . .      Spirit   .    (helmet restricted)
rPois   .          Reflect  .    (no amulet)
rElec   .          Harm     .    (no ring)
rCorr   .          Rampage  .    (no ring)
Will    .....                    (no ring)
Stlth   +++++                    (no ring)
HPRegen 0.25/turn                (no ring)
MPRegen 0.09/turn                (no ring)
                                 (no ring)
                                 (no ring)

@: brilliant, on berserk cooldown, attractive, flying, slowed, very slow
A: almost no armour, amphibious, 8 rings, camouflage 1, gelatinous body 1,
nimble swimmer 1, tentacles
a: no special abilities


You were in a sewer.
You visited 1 branch of the dungeon, and saw 3 of its levels.
You also visited: Sewer.

You collected 76 gold pieces.

Inventory:

Hand Weapons
 a - a +2 long sword (weapon)
Armour
 b - a +1 buckler (worn)
Scrolls
 g - 2 scrolls of identify
Potions
 e - a potion of attraction
 j - a potion of berserk rage
 k - a potion of brilliance
 l - a potion of invisibility {unknown}
 p - a potion of curing {unknown}


   Skills:
 - Level 3.0 Fighting
 + Level 3.2 Long Blades
 - Level 3.0 Dodging
 * Level 5.0 Stealth
 - Level 3.0 Shields


You had 3 spell levels left.
You didn't know any spells.
Your spell library contained the following spells:

 Spells                   Type           Power      Damage    Failure   Level
 Ensorcelled Hibernation  Hex/Ice        0%         N/A       58%         2
 Passwall                 Tmut/Erth      0%         N/A       58%         2
 Swiftness                Air            0%         N/A       83%         3
 Malign Gateway           Summ/Tloc      0%         N/A       100%        7
 Summon Horrible Things   Summ           0%         N/A       100%        8


Dungeon Overview and Level Annotations

Branches:
Dungeon (3/15)              Sewer (1/1)

Altars:
Cheibriados
Ru

Annotations:
Sewer Pargi


Innate Abilities, Weirdness & Mutations

You cannot wear most types of armour.
You are amphibious.
You can wear up to eight rings at the same time.
Your skin changes colour to match your surroundings (Stealth+).
Your rubbery body absorbs attacks. (AC +1, EV +1)
You are camouflaged when in or above water. (Stealth+)
You have tentacles for arms and can constrict up to eight enemies at once.


Message History

Pargi is moderately wounded.
Pargi bites you. Pargi claws you. Pargi barely misses you.
You slash Pargi!
Pargi is heavily wounded.
You barely miss Pargi.
Pargi is heavily wounded.
Pargi hisses menacingly.
Pargi bites you but does no damage. Pargi closely misses you. Pargi claws you.
You miss Pargi.
Pargi is heavily wounded.
Pargi closely misses you. x3
You slice Pargi!! Your squeeze misses Pargi.
Pargi is almost dead.
Pargi bites you. Pargi claws you but does no damage. Pargi barely misses you.
You closely miss Pargi.
Your tentacle-slap misses Pargi.
Pargi is almost dead.
You are no longer berserk.
You are exhausted.
You feel yourself slow down. Pargi bites you. Pargi closely misses you.
You block Pargi's attack.
You closely miss Pargi.
Pargi is almost dead.
Pargi misses you. You block Pargi's attack. Pargi barely misses you.
You barely miss Pargi.
Pargi is almost dead.
Pargi barely misses you. Pargi completely misses you. Pargi claws you.
Pargi bites you but does no damage. Pargi closely misses you.
You block Pargi's attack.
You hit Pargi.
Pargi is almost dead.
Pargi barely misses you. Pargi misses you. You block Pargi's attack.
Pargi bites you. Pargi claws you.
* * * LOW HITPOINT WARNING * * *
Pargi claws you but does no damage.
It was a potion of brilliance.
You feel clever all of a sudden. You block Pargi's attack. Pargi claws you.
* * * LOW HITPOINT WARNING * * *
Pargi claws you.
You die...

#≈≈≈≈≈≈≈≈≈~~.###
###≈≈≈≈≈≈≈≈.####
#≈≈≈≈≈≈≈≈≈~##
#≈≈≈≈≈≈≈≈.#
##≈≈≈≈≈≈≈.#
##≈≈≈≈≈≈≈~####
#≈≈≈≈≈≈≈≈≈.~~.
##≈≈≈≈≈≈≈~####
#≈≈≈≈≈≈@≈~.#
#≈≈≈≈≈≈≈T.##
##≈≈≈≈≈≈≈.###
#≈≈≈≈≈≈≈≈≈~.#
###≈≈≈≈≈≈≈≈.###
###≈≈≈≈≈≈≈≈.#.## ##
#≈≈≈≈≈≈≈≈≈≈≈~~.####
#.
#≈≈≈≈≈≈≈≈≈≈≈≈≈≈.#(#
##~
###≈≈≈≈≈≈≈≈≈≈≈≈≈~.##
##.~


You could see Pargi.

Vanquished Creatures
  4 adders
  4 dart slugs
  13 ball pythons
  5 bats
  An endoplasm (D:1)
  4 giant cockroaches (D:1)
  5 goblins
  6 hobgoblins
  2 jackals (D:2)
  2 quokkas (D:3)
  7 frilled lizards
  3 kobolds
  5 rats
61 creatures vanquished.

Notes
Turn   | Place    | Note
-------+----------+-------------------------------------------
     0 | D:1      | BigDaddyOpFi the Octopode Fighter began the quest for the
                  | Orb.
     0 | D:1      | Reached XP level 1. HP: 16/16 MP: 1/1
     4 | D:1      | Found a faded altar of an unknown god.
    68 | D:1      | Reached skill level 1 in Stealth
   206 | D:1      | Reached XP level 2. HP: 21/21 MP: 2/2
   222 | D:1      | Reached skill level 2 in Stealth
   674 | D:1      | Reached skill level 3 in Stealth
   674 | D:1      | Reached XP level 3. HP: 26/26 MP: 3/3
  1101 | D:2      | Reached skill level 4 in Stealth
  1113 | D:2      | Reached XP level 4. HP: 26/31 MP: 4/4
  2151 | D:3      | Found a snail-covered altar of Cheibriados.
  2233 | D:3      | Found a sacrificial altar of Ru.
  2452 | D:3      | Found a glowing drain.
  2458 | Sewer    | Entered a sewer
  2495 | Sewer    | Noticed Pargi
  2958 | Sewer    | Reached skill level 5 in Stealth
  3217 | Sewer    | Slain by Pargi

Illustrated notes

Levels and vault maps discovered:
D:1:      lightli_arrival_maybe_door_vault, layout_basic,
          hellmonk_ecumenical_altar_crossroads
D:2:      layout_rooms, serial_forest, infiniplex_forest_diagonal,
          infiniplex_forest_clump_small, infiniplex_forest_clump_diagonal,
          infiniplex_forest_3_way, infiniplex_forest_split,
          infiniplex_forest_zigzag_1
D:3:      layout_loops_ring, mainiacjoe_overflow_cross_hatched,
          chei_slow_surprise, portal_sewer_entry_e
Sewer:    sewer_co_pargi_island

Skill      XL: |  1  2  3  4 |
---------------+-------------+-----
Stealth        | 1 3 4 5 |  5.0
Long Blades    | 3 |  3.2
Fighting       | |  3.0
Dodging        | |  3.0
Shields        | |  3.0

Action                     |  1- 3 |  4- 6 || total
---------------------------+-------+-------++-------
  Melee: Long sword        |    54 |    61 ||   115
         Constrict         |    17 |     7 ||    24
         Tentacles         |    10 |     4 ||    14
         Punch             |     1 |       ||     1
  Throw: Throwing net      |       |     1 ||     1
    Use: Scroll            |       |    11 ||    11
         Potion            |       |     5 ||     5
   Stab: Sleeping          |    12 |    17 ||    29
         Distracted        |     1 |       ||     1
 Armour: Skin              |     3 |     7 ||    10
  Dodge: Dodged            |    35 |    43 ||    78
  Block: Buckler           |    10 |    27 ||    37

Table legend: (Time is in decaauts)
 A = Elapsed time spent in this place.
 B = Non-inter-level travel time spent in this place.
 C = Inter-level travel time spent in this place.
 D = Time resting spent in this place.
 E = Time spent auto-exploring this place.
 F = Levels seen in this place.
 G = Mean time per level.
                   A        B        C        D        E       F      G
               +--------+--------+--------+--------+--------+-----+--------+
         Total |   3248 |   3204 |     44 |   1046 |   1563 |   4 |  812.0 |
       Dungeon |   2483 |   2439 |     44 |    500 |   1538 |   3 |  827.7 |
         Sewer |    764 |    764 |      0 |    546 |     25 |   1 |  764.0 |
               +--------+--------+--------+--------+--------+-----+--------+

Top non-repeatable levels by time:
     D:2: 1061 daAuts
     D:1: 791 daAuts
   Sewer: 764 daAuts
     D:3: 630 daAuts
